 Dungeon Crawl Stone Soup version 0.30-b1-2-g02819fbbbe (webtiles) character file.

Game seed: 17651822450609485452

6122 2tc the Cruncher (level 10, -5/70 HPs)
             Began as a Demonspawn Gladiator on Aug 19, 2023.
             Was an Elder of Vehumet.
             Slain by a black mamba (7 damage)
             ... on level 1 of the Lair of Beasts.
             The game lasted 00:44:27 (11092 turns).

2tc the Cruncher (Demonspawn Gladiator)            Turns: 11092, Time: 00:44:27

Health: -5/70      AC:  8    Str: 14    XL:     10   Next: 59%
Magic:  6/13       EV: 15    Int: 14    God:    Vehumet [****..]
Gold:   613        SH:  4    Dex: 21    Spells: 4/13 levels left

rFire   . . .        l - +4 quarterstaff
rCold   . . .        (shield currently unavailable)
rNeg    . . .        G - +0 steam dragon scales
rPois   .            c - +1 helmet
rElec   .            p - +0 cloak
rCorr   .            (gloves unavailable)
SInv    .            (no boots)
Will    .....        x - amulet of the acrobat
Stlth   ++           k - +6 ring of dexterity
HPRegen 0.31/turn    y - ring of wizardry
MPRegen 0.13/turn

%: acrobat, wizardry (x1)
@: lethally poisoned (-5 -> -13), hasted, very quick
A: claws 3, large bone plates 1, powered by death 1, demonic magic 2
a: Renounce Religion


You were on level 1 of the Lair of Beasts.
You worshipped Vehumet.
Vehumet was greatly pleased with you.
You visited 3 branches of the dungeon, and saw 12 of its levels.

You collected 677 gold pieces.
You spent 64 gold pieces at shops.

Inventory:

Hand Weapons
 a - a +1 quarterstaff
 l - a +4 quarterstaff (weapon)
 u - the +5 mace "Genas" {elec, rC- Int+4 SInv}
   (You found it on level 4 of the Dungeon)

   Int:       It affects your intelligence (+4).
   rC:        It makes you vulnerable to cold.
   SInv:      It lets you see invisible.
Missiles
 e - a javelin
 f - 77 stones
 s - 3 boomerangs
 C - 34 poisoned darts (quivered)
 H - a curare-tipped dart
Armour
 b - a +0 leather armour
 c - a +1 helmet (worn)
 p - a +0 cloak (worn)
 G - +0 steam dragon scales (worn)
Jewellery
 i - an amulet of faith
 k - a +6 ring of dexterity (left claw)
 x - an amulet of the acrobat (around neck)
 y - a ring of wizardry (right claw)
 D - a ring of protection from fire
Wands
 E - a wand of flame (15)
 F - a wand of acid (10)
Scrolls
 o - 2 scrolls of blinking
 q - a scroll of vulnerability
 t - a scroll of amnesia
 A - a scroll of fear
 J - a scroll of enchant weapon
Potions
 d - a potion of ambrosia
 g - 2 potions of brilliance
 h - 2 potions of flight
 j - 3 potions of attraction
 m - 5 potions of curing
 n - 2 potions of might
 w - a potion of berserk rage
 z - a potion of cancellation
 B - a potion of mutation {unknown}
 I - a potion of magic {unknown}
Miscellaneous
 v - a piece from Xom's chessboard (15/15)


   Skills:
 + Level 3.4 Fighting
 - Level 12.0 Staves
 - Level 1.7 Throwing
 - Level 0.4 Armour
 - Level 5.0 Dodging
 - Level 2.0 Spellcasting
 - Level 7.0 Conjurations
 - Level 3.0 Hexes


You had 4 spell levels left.
You knew the following spells:

 Your Spells              Type           Power      Damage    Failure   Level
a - Searing Ray           Conj           42%        2d6       1%          2
b - Fulminant Prism       Conj/Hex       7%         3d6       3%          4
c - Dazzling Flash        Conj/Hex       30%        N/A       1%          3

Your spell library contained the following spells:

 Spells                   Type           Power      Damage    Failure   Level
 Slow                     Hex            36%        N/A       2%          1
 Mephitic Cloud           Conj/Pois/Air  7%         N/A       3%          3
 Iskenderun's Mystic Bla  Conj/Tloc      11%        2d4       7%          4
 Ensorcelled Hibernation  Hex/Ice        10%        N/A       8%          2
 Volatile Blastmotes      Fire/Tloc      2%         2d10      8%          3
 Confusing Touch          Hex            9%         N/A       9%          3
 Sting                    Tmut/Pois      4%         1d3       10%         1
 Spider Form              Tmut/Pois      1%         N/A       26%         3
 Vampiric Draining        Necr           1%         2d6       26%         3
 Vhi's Electric Charge    Tloc/Air       2%         N/A       26%         3
 Anguish                  Hex/Necr       2%         N/A       43%         4
 Manifold Assault         Tloc           1%         N/A       65%         4
 Arcjolt                  Conj/Air       5%         1d15      16%         5
 Lee's Rapid Deconstruct  Erth           0%         3d4*      50%         5
 Plasma Beam              Fire/Air       0%         2x1d11    94%         6
 Dispersal                Tloc           0%         N/A       100%        6
 Disjunction              Tloc           0%         N/A       100%        8


Dungeon Overview and Level Annotations

Branches:
Dungeon (10/15)            Temple (1/1) D:4            Lair (1/5) D:9
    Orc (0/2) D:10

Altars:
Ashenzari
Cheibriados
Dithmenos
Fedhas
Gozag
Hepliaklqana
Kikubaaqudgha
Nemelex Xobeh
Okawaru
Qazlal
Ru
Sif Muna
Trog
Uskayaw
Vehumet
Wu Jian
Xom
Yredelemnul

Shops:
D:9 *

Annotations:
D:1 exclusion: gnoll
D:9 2 transporters
D:10 exclusions: gargoyle and two-headed ogre, Maurice


Innate Abilities, Weirdness & Mutations

You have claws for hands.
You are partially covered in large bone plates. (SH +4)
You regenerate a little health from kills.
Spells you cast may paralyse nearby enemies.


Message History

You catch the helpless black mamba completely off-guard!
You hit the black mamba but do no damage.
The black mamba is lightly wounded.
The bullfrog closely misses you. The black mamba bites you!
You hit the black mamba.
The black mamba is moderately wounded.
The black mamba bites you!
* * * LOW HITPOINT WARNING * * *
You are lethally poisoned!
The black mamba poisons you! The bullfrog misses you.
You hit the black mamba.
The black mamba is heavily wounded.
* * * LOW HITPOINT WARNING * * *
You feel very sick. The black mamba completely misses you.
The bullfrog hits you but does no damage.
Casting: Dazzling Flash (safe; 1% risk of failure)
Confirm with . or Enter, or press ? or * to list all spells.
Casting: Dazzling Flash (safe; 1% risk of failure)
Press: ? - help, Dir - look around, f - activate The black mamba is dazzled.
The bullfrog is dazzled.
Malevolent energies surge around you.
The black mamba suddenly stops moving!
* * * LOW HITPOINT WARNING * * *
You feel very sick. The bullfrog hits you.
* * * LOW HITPOINT WARNING * * *
The bullfrog hits you but does no damage.
The helpless black mamba fails to defend itself.
You sock the black mamba!
The black mamba is severely wounded.
* * * LOW HITPOINT WARNING * * *
You feel very sick.
The black mamba is no longer paralysed.
The black mamba bites you but does no damage.
The bullfrog closely misses you. The black mamba barely misses you.
You feel yourself speed up.
* * * LOW HITPOINT WARNING * * *
You feel very sick. The black mamba bites you!
You die...

###..##
##.....
###....
#....#
##..<#
#P..##
##..# #..#
#.@#
##FS##
#.#..#
###..#
.....
........
........##
........##
.#P......#


You could see a black mamba (blind) and a bullfrog (blind).

Vanquished Creatures
  A kobold demonologist (D:10)
  2 trolls
  Prince Ribbit (D:6)
  A hornet (D:9)
  Sigmund (D:5)
  A ynoxinul (D:10)
  A wraith (D:10)
  A steam dragon (D:8)
  A water moccasin (Lair:1)
  5 orc warriors
  3 sky beasts
  4 black bears
  2 ice beasts
  2 ogres
  3 centaurs
  A phantom (D:5)
  5 bullfrogs
  4 kobold brigands
  A scorpion (D:4)
  9 wights
  6 killer bees (D:6)
  6 howler monkeys
  2 hounds
  A jelly (D:5)
  2 orc priests
  A gnoll bouda (D:6)
  A sleepcap (D:5)
  5 iguanas
  14 orc wizards
  6 gnolls
  8 adders
  A white imp (D:5)
  A dart slug (D:1)
  26 orcs
  4 ball pythons
  7 endoplasms
  2 giant cockroaches (D:2)
  8 hobgoblins
  11 jackals
  4 quokkas
  11 bats
  5 frilled lizards
  12 goblins
  23 kobolds
  5 rats
221 creatures vanquished.

Vanquished Creatures (others)
  8 fulminant prisms
  A plant (Lair:1)
9 creatures vanquished.

Grand Total: 230 creatures vanquished

Notes
Turn   | Place    | Note
-------+----------+-------------------------------------------
     0 | D:1      | 2tc the Demonspawn Gladiator began the quest for the Orb.
     0 | D:1      | Reached XP level 1. HP: 16/16 MP: 1/1
   217 | D:1      | Reached skill level 3 in Staves
   303 | D:1      | Gained mutation: Spells you cast may paralyse adjacent
                  | enemies. [demonic ancestry]
   303 | D:1      | Reached XP level 2. HP: 22/22 MP: 2/2
  1045 | D:1      | Reached XP level 3. HP: 27/27 MP: 3/3
  1211 | D:2      | Reached skill level 4 in Staves
  1909 | D:3      | Gained mutation: You have sharp fingernails. [demonic
                  | ancestry]
  1909 | D:3      | Reached XP level 4. HP: 27/33 MP: 4/4
  2050 | D:3      | Found a radiant altar of Vehumet.
  2125 | D:3      | Became a worshipper of Vehumet
  2227 | D:3      | Found a blossoming altar of Fedhas.
  2329 | D:3      | Found a faded altar of an unknown god.
  2623 | D:4      | Reached skill level 5 in Staves
  2756 | D:4      | Gained mutation: You regenerate a little health from kills.
                  | [demonic ancestry]
  2756 | D:4      | Reached XP level 5. HP: 35/38 MP: 5/5
  2997 | D:4      | Reached * piety under Vehumet
  2997 | D:4      | Offered knowledge of Kiss of Death by Vehumet.
  2998 | D:4      | Reached skill level 6 in Staves
  3067 | D:4      | Noticed a black bear
  3200 | D:4      | Identified the +5 mace "Genas" {elec, rC- Int+4 SInv}
  3561 | D:4      | Reached XP level 6. HP: 41/44 MP: 6/6
  3821 | D:4      | Found a staircase to the Ecumenical Temple.
  3827 | Temple   | Entered the Ecumenical Temple
  4053 | D:5      | Entered Level 5 of the Dungeon
  4054 | D:5      | Noticed Sigmund
  4419 | D:5      | Reached skill level 7 in Staves
  4448 | D:5      | Gained mutation: You have very sharp fingernails. [demonic
                  | ancestry]
  4448 | D:5      | Reached XP level 7. HP: 50/50 MP: 7/7
  4466 | D:5      | Killed Sigmund
  4523 | D:5      | Reached skill level 8 in Staves
  4989 | D:4      | Reached skill level 9 in Staves
  4989 | D:4      | Gained mutation: You are partially covered in large bone
                  | plates. (SH +4) [demonic ancestry]
  4989 | D:4      | Reached XP level 8. HP: 41/56 MP: 8/8
  5678 | D:6      | Found a hazy altar of Hepliaklqana.
  5692 | D:6      | Reached skill level 10 in Staves
  5896 | D:6      | Found an ornate altar of the Wu Jian Council.
  5917 | D:6      | Found a snail-covered altar of Cheibriados.
  6327 | D:6      | Noticed Prince Ribbit
  6509 | D:6      | Reached skill level 11 in Staves
  6606 | D:6      | Killed Prince Ribbit
  6607 | D:6      | Gained mutation: Spells you cast may paralyse nearby
                  | enemies. [demonic ancestry]
  6607 | D:6      | Reached XP level 9. HP: 49/61 MP: 9/9
  6732 | D:6      | Reached ** piety under Vehumet
  6732 | D:6      | Offered knowledge of Scorch by Vehumet.
  7474 | D:7      | Reached skill level 12 in Staves
  7500 | D:7      | Reached skill level 1 in Spellcasting
  7640 | D:7      | Found a sparkling altar of Nemelex Xobeh.
  7774 | D:7      | Offered knowledge of Searing Ray by Vehumet.
  7780 | D:7      | Learned a level 2 spell: Searing Ray
  8005 | D:7      | Reached skill level 1 in Conjurations
  8754 | D:8      | Reached skill level 5 in Dodging
  8829 | D:8      | Reached *** piety under Vehumet
  9039 | D:8      | Gained mutation: You have claws for hands. [demonic
                  | ancestry]
  9039 | D:8      | Reached XP level 10. HP: 18/67 MP: 9/13
  9472 | D:9      | Offered knowledge of Dazzling Flash by Vehumet.
  9483 | D:9      | Learned a level 4 spell: Fulminant Prism
  9569 | D:9      | Reached skill level 5 in Conjurations
  9636 | D:9      | HP: 1/67 [troll (9)]
  9825 | D:9      | Found a transporter.
  9825 | D:9      | Noticed a boulder beetle
  9836 | D:9      | Noticed a deep elf zephyrmancer
  9839 | D:9      | Found a stormy altar of Qazlal.
  9840 | D:9      | Found a shadowy altar of Dithmenos.
  9842 | D:9      | Noticed a two-headed ogre
  9855 | D:9      | Found a transporter.
  9981 | D:9      | Found Nosops's Assorted Antiques.
  9985 | D:9      | Bought a scroll of identify for 64 gold pieces
 10174 | D:9      | Found a staircase to the Lair.
 10223 | D:10     | Entered Level 10 of the Dungeon
 10230 | D:10     | Noticed a smoke demon
 10398 | D:10     | Reached skill level 1 in Hexes
 10453 | D:10     | Found a staircase to the Orcish Mines.
 10453 | D:10     | Noticed a gargoyle
 10559 | D:10     | Reached **** piety under Vehumet
 10746 | D:10     | Found a shimmering blue altar of Sif Muna.
 10754 | D:10     | Got Sif Muna's Discursus on Effluvium
 10759 | D:10     | Found a bloodstained altar of Trog.
 10886 | D:10     | Noticed a two-headed ogre
 10954 | D:10     | Learned a level 3 spell: Dazzling Flash
 10958 | D:10     | Noticed Maurice
 11058 | Lair:1   | Entered Level 1 of the Lair of Beasts
 11079 | Lair:1   | Noticed a black mamba
 11092 | Lair:1   | HP: 2/70 [poisoned by a black mamba]
 11092 | Lair:1   | Slain by a black mamba

Illustrated notes

Levels and vault maps discovered:
D:1:      minmay_arrival_shattered_statue, layout_basic,
          minmay_misc_feat_hallway
D:2:      layout_rooms
D:3:      layout_loops_cross, mainiacjoe_overflow_boulevard,
          mainiacjoe_overflow_paths,
          dreamdust_ecumenical_altar_angels_and_demons, moated_statue
D:4:      layout_basic, minmay_temple_entry_enclosed_plants
D:5:      layout_loops_ring, uniq_sigmund
D:6:      minmay_flawed_box, layout_loops_ring, old_standard_altar,
          mainiacjoe_overflow_catwalk_spiral, hellmonk_bongcloud_opening,
          uniq_prince_ribbit1
D:7:      layout_basic, mainiacjoe_overflow_alcove_2
D:8:      layout_basic
D:9:      wad_pebble_path, layout_rooms, gammafunk_temple_overflow_arena,
          lair_entry_dummy, serial_shops, kennysheep_mini_moat, fountainhead,
          grunt_decor_resistance
D:10:     layout_roguey, nzn_overflow_gifts_of_might_and_magic,
          lightli_temple_of_fire, orc_david_3, uniq_maurice
Temple:   minmay_temple_curvy_loop
Lair:1:   layout_layer_cave, serial_bayou_shore_a

Skill      XL: |  1  2  3  4  5  6  7  8  9 10 |
---------------+-------------------------------+-----
Staves         | 3 4 5 6 7 9 11 12 | 12.0
Spellcasting   | 2 |  2.0
Dodging        | 5 |  5.0
Conjurations   | 3 7 |  7.0
Hexes          | 3 |  3.0
Fighting       | 3 |  3.4
Throwing       | |  1.7
Armour         | |  0.4

Action                     |  1- 3 |  4- 6 |  7- 9 | 10-12 || total
---------------------------+-------+-------+-------+-------++-------
  Melee: Quarterstaff      |   173 |   119 |   322 |   127 ||   741
  Throw: Stone             |     1 |    22 |    25 |     2 ||    50
         Throwing net      |       |     3 |       |       ||     3
         Javelin           |       |       |     1 |       ||     1
         Dart              |       |       |       |     1 ||     1
   Cast: Searing Ray       |       |       |    10 |    10 ||    20
         Fulminant Prism   |       |       |       |     8 ||     8
         Dazzling Flash    |       |       |       |     3 ||     3
  Evoke: Wand              |       |     4 |    20 |       ||    24
         Piece from Xom's  |       |       |     1 |       ||     1
    Use: Scroll            |     4 |     9 |     4 |     5 ||    22
         Potion            |       |       |     3 |     2 ||     5
   Stab: Sleeping          |     2 |     2 |     1 |     1 ||     6
         Paralysed         |       |       |     3 |     3 ||     6
         Invisible         |       |       |       |     6 ||     6
 Armour: Leather armour    |    58 |    20 |    45 |       ||   123
         Steam dragon scal |       |       |       |    36 ||    36
  Dodge: Dodged            |   135 |    60 |   160 |   102 ||   457
  Block: Other             |       |       |    30 |    18 ||    48
